 Dungeon Crawl Stone Soup version 0.27.0-1-g7a089689b8 (webtiles) character file.

Game seed: 7940078339323725828

23 SnakkuSnakku7 the Cudgeller (level 3, -4/22 HPs)
             Began as a Tengu Warper on Aug 8, 2021.
             Killed from afar by Natasha (7 damage)
             ... with a magic dart
             ... on level 2 of the Dungeon.
             The game lasted 00:01:46 (1530 turns).

SnakkuSnakku7 the Cudgeller (Tengu Warper)          Turns: 1530, Time: 00:01:46

Health: -4/22      AC:  5    Str: 12    XL:     3   Next: 0%
Magic:  7/7        EV: 10    Int: 13    God:
Gold:   72         SH:  0    Dex: 13    Spells: 6/6 levels left

rFire    . . .     SeeInvis .   a - +0 mace
rCold    . . .     Faith    .   (no shield)
rNeg     . . .     Spirit   .   k - +0 ring mail
rPois    .         Reflect  .   (helmet restricted)
rElec    .         Harm     .   (no cloak)
rCorr    .         Rampage  .   (no gloves)
Will     .....                  (boots unavailable)
Stlth    +.........             (no amulet)
HPRegen  0.07/turn              (no ring)
MPRegen  0.10/turn              (no ring)

@: no status effects
A: beak, talons 3
a: no special abilities


You were on level 2 of the Dungeon.
You visited 1 branch of the dungeon, and saw 3 of its levels.

You collected 72 gold pieces.

Inventory:

Hand Weapons
 a - a +0 mace (weapon)
Missiles
 d - 2 boomerangs of dispersal (quivered)
 g - 2 throwing nets
Armour
 b - a +0 leather armour
 k - a +0 ring mail (worn)
Jewellery
 f - an amulet of magic regeneration
Scrolls
 c - a scroll of blinking
 e - 2 scrolls of teleportation {unknown}
 h - 3 scrolls of identify {unknown}
 m - a scroll of enchant armour {unknown}
 n - a scroll of silence {unknown}
Potions
 i - 2 potions of heal wounds {unknown}
 j - a potion of invisibility {unknown}
 l - a potion of attraction {unknown}


   Skills:
 + Level 2.7 Fighting
 + Level 3.0 Maces & Flails
 - Level 1.0 Throwing
 - Level 1.1 Armour
 - Level 2.1 Dodging
 - Level 2.0 Spellcasting
 - Level 2.4 Translocations


You had 6 spell levels left.
You didn't know any spells.
Your spell library contained the following spells:

 Spells                   Type           Power      Damage    Failure   Level
 Blink                    Tloc           N/A        N/A       32%         2
 Gell's Gravitas          Tloc           3%         N/A       54%         3
 Lesser Beckoning         Tloc           3%         N/A       54%         3
 Teleport Other           Tloc           7%         N/A       54%         3
 Manifold Assault         Tloc           7%         N/A       99%         5


Dungeon Overview and Level Annotations

Branches:
Dungeon (3/15)

Altars:
Hepliaklqana
Vehumet

Shops:
D:1 *   D:2 =

Annotations:
D:2 Natasha


Innate Abilities, Weirdness & Mutations

You have a beak for a mouth.
You have claws for feet.


Message History

Aim: Natasha (heavily wounded, 50% to hit)
You throw a boomerang of dispersal.
The boomerang of dispersal misses Natasha.
Unknown command.
Throw: 3 boomerangs (disperse)
Press: ? - help, Q - select action, (/) - cycle Shift-Dir - straight line, f/p - Natasha
Aim: Natasha (heavily wounded, 50% to hit)
You throw a boomerang of dispersal.
The boomerang of dispersal hits Natasha.
Natasha blinks!
Natasha is heavily wounded.
Natasha claws you but does no damage.
You hit Natasha. Your kick misses Natasha.
Natasha is heavily wounded.
Natasha casts a spell at you. The magic dart hits you.
You barely miss Natasha. Your peck misses Natasha.
Natasha is heavily wounded.
Natasha claws you. x2
You barely miss Natasha.
Natasha is heavily wounded.
Natasha mumbles some strange words.
You hit Natasha. You claw Natasha, but do no damage.
Natasha is severely wounded.
Natasha claws you but does no damage.
The rat twitches its whiskers.
The iron imp hits you.
You closely miss Natasha.
Natasha is severely wounded.
Natasha claws you. The rat barely misses you. The iron imp closely misses you.
Natasha claws you.
Unknown command.
Natasha claws you.
* * * LOW HITPOINT WARNING * * *
There is an open door here.
Natasha mumbles some strange words.
There is an open door here.
Natasha casts a spell at you. The magic dart hits you!
You die...

####.# #.# #............#.
# #.# #.# ##....#........
####.# #.# ##.#..........
..†..# ###'#####
#...#######.. ######
#...h5..# ##....†...#.. #
#.......# #...####.#.# #
#.......########<....#.#..
#
#......r'.##.......#......
#.......#@##.####..#######
#.......#.##.# #.>....†..
#.......#.##.# ##.#######
#.......#....# #.#
############## #.# #.#
#################.#
#.................#
#.###############.#


You could see an iron imp (summoned), Natasha and a rat.

Vanquished Creatures
  3 ball pythons
  3 endoplasms
  2 hobgoblins
  4 jackals (D:2)
  A quokka (D:2)
  A bat (D:2)
  2 kobolds
  4 rats
20 creatures vanquished.

Notes
Turn   | Place    | Note
-------+----------+-------------------------------------------
     0 | D:1      | SnakkuSnakku7 the Tengu Warper began the quest for the Orb.
     0 | D:1      | Reached XP level 1. HP: 12/12 MP: 4/4
    16 | D:1      | Found Jouxadyu's General Store.
   587 | D:1      | Reached XP level 2. HP: 17/18 MP: 6/6
   997 | D:2      | You fall into a shaft and drop 1 floor!
  1046 | D:3      | Found a hazy altar of Hepliaklqana.
  1047 | D:3      | Found a radiant altar of Vehumet.
  1079 | D:2      | Found Uludd's Jewellery Shop.
  1303 | D:2      | Reached skill level 3 in Maces & Flails
  1414 | D:2      | Reached XP level 3. HP: 22/22 MP: 7/7
  1505 | D:2      | Noticed Natasha
  1530 | D:2      | Killed from afar by Natasha

Illustrated notes

Levels and vault maps discovered:
D:1:      saegor_arrival_simple_d, layout_loops_cross, serial_shops, shop
D:2:      layout_basic, serial_shops, shop, serial_bayou_pond_e, minivault_24,
          amethyst_killhole, minmay_cut_off, uniq_natasha
D:3:      minmay_door_path, layout_basic, tso_oasis_becter,
          chequers_temple_overflow_statue_of_worship, serial_shops,
          shop_fountains, shop

Skill      XL: |  1  2 |
---------------+-------+-----
Maces & Flails | 3 |  3.0
Fighting       | |  2.7
Throwing       | |  1.0
Armour         | |  1.1
Dodging        | |  2.1
Spellcasting   | |  2.0
Translocations | |  2.4

Action                   || total
-------------------------++-------
Melee: Mace              ||    52
       Kick              ||    12
       Peck              ||     6
Throw: Boomerang         ||     3
 Stab: Sleeping          ||     1
Armor: Leather armour    ||     7
       Ring mail         ||    11
Dodge: Dodged            ||    24
